 Dungeon Crawl Stone Soup version 0.22-a0-192-g6ffc940 (webtiles) character file.

1525 4thArraOfDagon the Gouger (level 8, -7/39 HPs)
             Began as a Felid Wanderer on Feb 16, 2018.
             Was a Priest of Elyvilon.
             Mangled by a centaur warrior (8 damage)
             ... on level 14 of the Dungeon.
             The game lasted 00:26:11 (4897 turns).

4thArraOfDagon the Gouger (Felid Wanderer)          Turns: 4897, Time: 00:26:12

Health: -7/39      AC:  2    Str: 10    XL:     8   Next: 54%
Magic:  12/12      EV: 25    Int: 16    God:    Elyvilon [***...]
Gold:   580        SH:  0    Dex: 17    Spells: 7/7 levels left
                                        Lives:  0   Deaths: 3

rFire    . . .     SeeInvis +     - Unarmed
rCold    . . .     Gourm    .   (shield unavailable)
rNeg     + . .     Faith    +   (armour unavailable)
rPois    .         Spirit   .   (helmet unavailable)
rElec    .         Reflect  .   (cloak unavailable)
rCorr    .         Harm     .   (gloves unavailable)
MR       +....                  (boots unavailable)
Stlth    +++++.....             x - amulet of faith
HPRegen  0.13/turn              r - ring of positive energy
MPRegen  0.13/turn              B - ring of wizardry

@: about to teleport, protection, quick
A: very small, no armour, no weapons or thrown items, stealth, claws 1, fangs 3,
see invisible, agile 1, carnivore, speed 1, low mp 1, shaggy fur 2, slow
metabolism 1, sharp paws
a: Lesser Healing, Heal Other, Purification, Divine Protection, Renounce
Religion


You were on level 14 of the Dungeon.
You worshipped Elyvilon.
Elyvilon was most pleased with you.
You were not hungry.

You visited 1 branch of the dungeon, and saw 14 of its levels.
You also visited: Ice Cave.

You collected 580 gold pieces.

Inventory:

Jewellery
 m - an uncursed ring of flight
 r - a ring of positive energy (left paw)
 x - an amulet of faith (around neck)
 B - a ring of wizardry (right paw)
Wands
 t - a wand of disintegration (19)
 u - a wand of iceblast (2)
 w - a wand of flame (25)
 y - a wand of digging (21)
 z - a wand of acid (10)
Scrolls
 b - 2 scrolls of teleportation
 c - a scroll of fear {unknown}
 k - 3 scrolls of magic mapping
 n - 8 scrolls of remove curse
 s - a scroll of enchant weapon
Potions
 a - a potion of heal wounds
 e - 2 potions of haste
 f - 5 potions of flight
 g - 2 potions of lignification
 h - 4 potions of curing
 j - 3 potions of magic
 l - a potion of might
 o - 2 potions of resistance
 p - 2 potions of brilliance
 A - a potion of berserk rage {unknown}
 C - a potion of agility {unknown}
Comestibles
 d - 20 rations


   Skills:
 + Level 6.3 Fighting
 + Level 9.1 Dodging
 + Level 10.0 Stealth
 * Level 10.2 Unarmed Combat
 + Level 6.1 Invocations
 - Level 1.1 Evocations


You had 7 spell levels left.
You didn't know any spells.

Dungeon Overview and Level Annotations

Branches:
Dungeon (14/15)
 Temple: D:4-7         Lair: D:8-11         Orc: D:9-12      Vaults: D:13-14

Altars:
Ashenzari
Elyvilon
Gozag
Makhleb
Nemelex Xobeh
Vehumet
Wu Jian
Xom
The Shining One

Shops:
D:10 (   D:13 [

Annotations:
D:4 4thArraOfDagon's ghost, weakling FeWn; Grinder
D:8 4thArraOfDagon's ghost, weakling FeWn


Innate Abilities, Weirdness & Mutations

You cannot wear armour.
You are incapable of wielding weapons or throwing items.
Your paws allow you to move quietly. (Stealth)
You have sharp claws.
You have razor-sharp teeth.
You have supernaturally acute eyesight. (SInv)
You are carnivorous and can eat meat at any time.
You cover ground quickly.
You are covered in thick fur. (AC +2)
You have a slow metabolism.
Your sharp claws are effective at attacking unaware monsters.
You are agile. (Dex +2)
Your magical capacity is low. (-10% MP)


Message History

The earth elemental disappears in a puff of smoke!
Unknown command.
Unknown command.
The deep elf mage points at you and mumbles some strange words.
The bolt of magma misses you.
The centaur warrior shouts!
Unknown command.
Unknown command.
The centaur warrior wields a shortbow.
The centaur warrior shoots an arrow.
The arrow misses you.
Unknown command.
Unknown command.
The centaur warrior unwields an uncursed shortbow.
The centaur warrior hits you.
* * * LOW HITPOINT WARNING * * *
Unknown command.
Unknown command.
As you read the scroll of teleportation, it crumbles to dust.
You feel strangely unstable. The centaur warrior hits you!
You die...

...###.# #...##.###.##)#.#.#
.∩.....# #...#......##4#.#.'
.#####.# #####.....##.#.#..#.###
.#.....##*#......EE...#..#.##.#.+
...(.....,.............#.#.#....#
.#.##..#***......E.e............#
.......# ****#.....#..4...#.##.#
#.#.#.## #...#...#......#*,*
#..[#,# #.@.##....#...##*,*
##.##.# #..c#######......,*
..§§..# *######.##****,........,
##.#######c...§R..,,,,,,....R.##,
#§§.§§..#.......#*****,....§.#*,
*#§§####.#.......#####**,...#..,,
.§§§####.#.5........<# *,,,,****,
###§##...5.......###.#**,**,****,
#.##.#.#.......#.....#,**,,,,,,


You could see a centaur warrior, 3 earth elementals, a deep elf mage and an
efreet.

Vanquished Creatures
  A two-headed ogre (D:6)
  A centaur warrior (D:14)
  Maurice (D:8)
  A centaur zombie (D:14)
  An ice devil (D:14)
  2 vampires
  2 yaks (D:10)
  A black bear (D:10)
  A sky beast (D:5)
  5 ogres
  8 centaurs
  3 bullfrogs
  A big kobold (D:10)
  3 scorpions
  A wyvern skeleton (D:10)
  2 howler monkeys
  4 crimson imps
  A bullfrog zombie (D:8)
  2 centaur skeletons (D:4)
  A jelly (D:10)
  A bullfrog skeleton (D:7)
  2 iguanas
  4 worker ants
  7 adders
  A gnoll (D:3)
  A shadow imp (D:14)
  An ooze (D:3)
  An adder skeleton (D:4)
  A worm (D:2)
  3 dart slugs
  8 leopard geckos
  18 orcs
  5 bats
  5 giant cockroaches
  5 goblins
  4 hobgoblins
  7 jackals
  2 quokkas
  A ball python (D:3)
  3 frilled lizards
  A jackal zombie (D:6)
  7 kobolds
  A quokka zombie (D:7)
  3 rats
134 creatures vanquished.

Notes
Turn   | Place    | Note
-------+----------+-------------------------------------------
     0 | D:1      | 4thArraOfDagon the Felid Wanderer began the quest for the Orb.
     0 | D:1      | 4thArraOfDagon set off with: a potion of heal wounds, a scroll of teleportation, a potion of lignification, a ration
     0 | D:1      | Reached XP level 1. HP: 9/9 MP: 2/2
   139 | D:3      | Reached XP level 2. HP: 7/12 MP: 3/3
   154 | D:4      | Noticed a scorpion
   200 | D:3      | Found a shimmering altar of Xom.
   282 | D:4      | Noticed an ogre
   317 | D:4      | Noticed Grinder
   319 | D:5      | Entered Level 5 of the Dungeon
   328 | D:5      | Gained mutation: Your mind is acute. (Int +2) [potion of mutation]
   328 | D:5      | Gained mutation: You are somewhat resistant to further mutation. [potion of mutation]
   336 | D:5      | Lost mutation: Your mind is acute. (Int +2) [potion of mutation]
   336 | D:5      | Lost mutation: You are somewhat resistant to further mutation. [potion of mutation]
   336 | D:5      | Gained mutation: Your body sometimes deteriorates upon taking damage. [potion of mutation]
   336 | D:5      | Gained mutation: You can translocate small distances at will. [potion of mutation]
   397 | D:5      | Noticed a bullfrog
   405 | D:5      | Killed a bullfrog
   405 | D:5      | Reached XP level 3. HP: 15/15 MP: 4/4
   405 | D:5      | Reached XP level 4. HP: 19/19 MP: 5/5
   446 | D:5      | Found a white marble altar of Elyvilon.
   487 | D:5      | Became a worshipper of Elyvilon the Healer
   739 | D:4      | Noticed 4thArraOfDagon's ghost (weakling FeWn)
   742 | D:4      | Found a radiant altar of Vehumet.
   774 | D:4      | Reached skill level 5 in Stealth
   774 | D:4      | Reached XP level 5. HP: 16/22 MP: 6/6
  1064 | D:1      | Reached * piety under Elyvilon
  1250 | D:2      | Reached skill level 1 in Invocations
  1322 | D:2      | Found a sparkling altar of Nemelex Xobeh.
  1495 | D:3      | Reached ** piety under Elyvilon
  1659 | D:3      | Found a burning altar of Makhleb.
  1798 | D:4      | Slain by an iguana
  1799 | D:4      | Reached XP level 4. HP: -3/19 MP: 6/6
  1819 | D:4      | Reached XP level 5. HP: 22/22 MP: 7/7
  1911 | D:5      | Noticed a sky beast
  1962 | D:5      | Killed a sky beast
  2016 | D:5      | Gained mutation: You are covered in thick fur. (AC +2) [Felid growth]
  2016 | D:5      | Reached XP level 6. HP: 20/26 MP: 8/8
  2086 | D:6      | Noticed a sky beast
  2092 | D:6      | Noticed an ice beast
  2218 | D:7      | Reached skill level 5 in Dodging
  2287 | D:6      | Found an ornate altar of the Wu Jian Council.
  2339 | D:6      | Reached XP level 7. HP: 30/30 MP: 9/9
  2584 | D:6      | Noticed a two-headed ogre
  2620 | D:6      | Killed a two-headed ogre
  2620 | D:6      | Reached XP level 8. HP: 20/36 MP: 11/11
  2866 | D:6      | Found a shattered altar of Ashenzari.
  2938 | D:7      | Found an opulent altar of Gozag.
  3037 | D:7      | Found a glowing golden altar of the Shining One.
  3256 | D:8      | Reached *** piety under Elyvilon
  3336 | D:8      | Noticed Maurice
  3357 | D:8      | Killed Maurice
  3357 | D:8      | Reached XP level 9. HP: 39/39 MP: 13/13
  3407 | D:8      | Noticed 4thArraOfDagon's ghost (weakling FeWn)
  3542 | D:10     | Entered Level 10 of the Dungeon
  3596 | D:10     | Reached skill level 5 in Fighting
  3783 | D:10     | HP: 1/40 [ogre/giant spiked club (20)]
  3784 | D:10     | Reached skill level 5 in Invocations
  3961 | D:10     | Found Tyru's Weapon Shoppe.
  4004 | D:9      | Noticed a two-headed ogre
  4128 | D:11     | Found the +3 sling "Punk" {acid, rCorr}
  4132 | D:11     | Noticed a two-headed ogre
  4207 | D:12     | Reached XP level 10. HP: 45/45 MP: 15/15
  4334 | D:12     | Noticed a red ugly thing
  4368 | D:13     | Found Ganoor's Antique Armour Shoppe.
  4480 | D:14     | Noticed a deep elf mage
  4481 | D:14     | Lost mutation: Your body sometimes deteriorates upon taking damage. [potion of mutation]
  4481 | D:14     | Lost mutation: You can translocate small distances at will. [potion of mutation]
  4481 | D:14     | Gained mutation: You are clumsy. (Dex -2) [potion of mutation]
  4481 | D:14     | Lost mutation: You are clumsy. (Dex -2) [potion of mutation]
  4481 | D:14     | Gained mutation: Your magical capacity is low. (-10% MP) [potion of mutation]
  4481 | D:14     | Gained mutation: You are agile. (Dex +2) [potion of mutation]
  4484 | D:14     | Noticed a centaur warrior
  4543 | D:14     | Noticed a centaur warrior
  4562 | D:14     | Killed a centaur warrior
  4578 | D:14     | Reached skill level 10 in Unarmed Combat
  4725 | D:14     | Found a frozen archway.
  4736 | D:14     | HP: 3/67 [ice devil (4)]
  4736 | D:14     | Mangled by an ice devil
  4737 | D:14     | Reached XP level 9. HP: -6/61 MP: 13/13
  4757 | D:14     | Killed an ice devil
  4757 | D:14     | Reached skill level 10 in Stealth
  4805 | IceCv    | Entered an ice cave
  4811 | IceCv    | Noticed an ice devil
  4819 | IceCv    | Noticed an ice statue
  4832 | IceCv    | Noticed an ice devil
  4832 | IceCv    | Noticed an ice statue
  4832 | IceCv    | Noticed an ice devil
  4832 | IceCv    | Noticed an ice devil
  4833 | IceCv    | Noticed an ice statue
  4839 | IceCv    | Reached **** piety under Elyvilon
  4839 | IceCv    | Elyvilon protects you from harm!
  4854 | IceCv    | Noticed an ice statue
  4864 | IceCv    | Mangled by an ice beast
  4865 | IceCv    | Reached XP level 8. HP: -11/39 MP: 12/12
  4887 | D:14     | HP: 1/39 [efreet/fireball (24)]
  4896 | D:14     | HP: 1/39 [centaur warrior (1)]
  4897 | D:14     | Mangled by a centaur warrior

Vault maps used:
D:1:      dpeg_arrival_stonehenge_8_columns
D:2:      nemelex_altar_shiori, first_ration
D:3:      tgw_sif, makhleb_grotto_becter, nicolae_overflow_crystal_walls
D:4:      vehumet_crystals, kennysheep_mini, uniq_grinder
D:5:      old_standard_altar, minmay_temple_entry_junction
D:6:      kennysheep_mini_moat, basic_altar
D:7:      nicolae_gozag_cash_rules_everything_around_me, tso_metal_star,
          grunt_ogre_cave, zaba_anthole, st_stairs_5
D:8:      grunt_temple_overflow_bloody_war, hangedman_decor_riveting,
          uniq_maurice, uniq_psyche
D:9:      lemuel_round_altar, zombieorc1_lemuel
D:10:     serial_shops, shop, minmay_unpleasant_kobolds
D:11:     erik_lair_island
D:12:     lemuel_mausoleum_altar_kikubaaqudgha, uniq_nergalle
D:13:     david_vaults_4, serial_shops, nicolae_shop_crystal, shop, shop_coins,
          kennysheep_little_box, minmay_misc_feat_columns
D:14:     abandoned_shop, portal_ice_cave_demonic_guard
IceCv:    ice_cave_tombish

Skill      XL: |  1  2  3  4  5  6  7  8  9 10 |
---------------+-------------------------------+-----
Stealth        | 3 4 5 6 7 8 10 | 10.0
Dodging        | 2 3 4 5 6 7 8 9 |  9.1
Invocations    | 1 2 3 4 5 6 |  6.1
Fighting       | 2 4 5 6 |  6.3
Unarmed Combat | 6 7 8 9 10 | 10.2
Evocations     | |  1.1

Action                   |  1- 3 |  4- 6 |  7- 9 | 10-12 || total
-------------------------+-------+-------+-------+-------++-------
Melee: Unarmed           |    17 |   169 |   143 |    53 ||   382
       Bite              |     3 |    13 |    13 |     3 ||    32
       Punch             |       |     4 |     5 |     3 ||    12
Invok: Lesser Healing    |       |     6 |    15 |     1 ||    22
       Heal Other        |       |     6 |    22 |     5 ||    33
       Divine Protection |       |       |     1 |       ||     1
       Greater Healing   |       |       |     1 |       ||     1
Evoke: Wand              |       |    10 |    24 |       ||    34
  Use: Scroll            |     4 |     5 |     8 |     7 ||    24
       Potion            |     3 |       |     1 |     3 ||     7
 Stab: Sleeping          |     2 |    12 |    11 |     2 ||    27
       Distracted        |       |       |     1 |       ||     1
       Invisible         |       |       |     2 |       ||     2
  Eat: Chunk             |       |    14 |    17 |     1 ||    32
       Ration            |       |       |     1 |       ||     1
Armor: Skin              |     4 |     6 |     4 |    39 ||    53
Dodge: Dodged            |    10 |   117 |   107 |    23 ||   257

Table legend:
 A = Spawn XP
 B = Non-spawn XP
 C = Spawn XP percentage of total XP
 D = Spawn monster count
 E = Non-spawn monster count
 F = Spawn count percentage of total count
 G = Total turns spent on level
                    A         B        C        D         E        F      G
               +---------+---------+-------+---------+---------+-------+---------
         Total |       0 |    7411 |   0.0 |       0 |     134 |   0.0 |  4897
               +---------+---------+-------+---------+---------+-------+---------
           D:1 |       0 |      16 |   0.0 |       0 |       9 |   0.0 |   392
           D:2 |       0 |      41 |   0.0 |       0 |      14 |   0.0 |   290
           D:3 |       0 |     126 |   0.0 |       0 |      22 |   0.0 |   591
           D:4 |       0 |     102 |   0.0 |       0 |       9 |   0.0 |   392
           D:5 |       0 |     291 |   0.0 |       0 |       8 |   0.0 |   506
           D:6 |       0 |    1276 |   0.0 |       0 |      17 |   0.0 |   569
           D:7 |       0 |     396 |   0.0 |       0 |       9 |   0.0 |   516
           D:8 |       0 |     626 |   0.0 |       0 |       4 |   0.0 |   189
           D:9 |       0 |     674 |   0.0 |       0 |       8 |   0.0 |   171
          D:10 |       0 |    1061 |   0.0 |       0 |      15 |   0.0 |   512
          D:11 |       0 |     208 |   0.0 |       0 |       6 |   0.0 |   155
          D:12 |       0 |      51 |   0.0 |       0 |       1 |   0.0 |    62
          D:13 |       0 |     202 |   0.0 |       0 |       2 |   0.0 |   159
          D:14 |       0 |    2341 |   0.0 |       0 |      10 |   0.0 |   329
               +---------+---------+-------+---------+---------+-------+---------
